 Dungeon Crawl Stone Soup version 0.29.1-1-gd02db6906a (webtiles) character file.

Game seed: 10858029441339739870

766 Godmorgon the Zephyrmancer (level 7, -3/36 HPs)
             Began as a Tengu Air Elementalist on Oct 21, 2022.
             Was an Initiate of Vehumet.
             Slain by Prince Ribbit (15 damage)
             ... on level 5 of the Dungeon on Oct 22, 2022.
             The game lasted 00:15:26 (5748 turns).

Godmorgon the Zephyrmancer (Tengu Air Elementalist) Turns: 5748, Time: 00:15:27

Health: -3/36      AC:  4    Str:  8    XL:     7   Next: 82%
Magic:  6/13       EV: 14    Int: 17    God:    Vehumet [......]
Gold:   272        SH:  0    Dex: 15    Spells: 6/13 levels left

rFire   . . .      SeeInvis .   a - +1 short sword (freeze)
rCold   . . .      Faith    .   (no shield)
rNeg    + . .      Spirit   .   B - +1 robe {rN+}
rPois   .          Reflect  .   (helmet restricted)
rElec   .          Harm     .   (no cloak)
rCorr   .          Rampage  .   n - +0 pair of gloves
Will    .....                   (boots unavailable)
Stlth   ++........              j - amulet of magic regeneration
HPRegen 0.12/turn               (no ring)
MPRegen 0.53/turn               (no ring)

@: flying quickly and evasively, quick
A: beak, talons 3, nimble flight
a: Renounce Religion


You were on level 5 of the Dungeon.
You worshipped Vehumet.
Vehumet was noncommittal.
You visited 1 branch of the dungeon, and saw 5 of its levels.

You collected 272 gold pieces.

Inventory:

Hand Weapons
 a - a +1 short sword of freezing (weapon)
 b - a +1 short sword of flaming
Armour
 n - a +0 pair of gloves (worn)
 B - a +1 robe of positive energy (worn)
Jewellery
 j - an amulet of magic regeneration (around neck)
 s - a ring of ice
Wands
 A - a wand of mindburst (8)
Scrolls
 c - 3 scrolls of identify {unknown}
 f - 2 scrolls of teleportation {unknown}
 i - 3 scrolls of immolation {unknown}
 m - a scroll of acquirement {unknown}
 o - 2 scrolls of fog {unknown}
 p - a scroll of summoning {unknown}
 q - a scroll of torment {unknown}
 t - a scroll of silence {unknown}
 x - a scroll of magic mapping {unknown}
 y - a scroll of brand weapon {unknown}
Potions
 d - 2 potions of mutation {unknown}
 e - a potion of brilliance {unknown}
 g - 2 potions of degeneration {unknown}
 k - a potion of magic
 l - 3 potions of heal wounds {unknown}
 r - 2 potions of attraction {unknown}
 u - a potion of flight {unknown}
 v - 3 potions of curing {unknown}
 w - a potion of lignification {unknown}
 z - a potion of experience {unknown}


   Skills:
 - Level 4.0 Short Blades
 - Level 2.1 Dodging
 - Level 2.0 Stealth
 + Level 3.8 Spellcasting
 + Level 4.9 Conjurations
 * Level 8.0 Air Magic


You had 6 spell levels left.
You knew the following spells:

 Your Spells              Type           Power      Damage    Failure   Level
a - Airstrike             Air            15%        2d(3-19)  6%          4
d - Static Discharge      Conj/Air       25%        3-7/arc   1%          2
s - Shock                 Conj/Air       100%       1d9       1%          1

Your spell library contained the following spells:

 Spells                   Type           Power      Damage    Failure   Level
 Swiftness                Air            30%        N/A       1%          3
 Freeze                   Ice            12%        1d4       16%         1
 Summon Lightning Spire   Summ/Air       16%        N/A       30%         4
 Lightning Bolt           Conj/Air       12%        1d26      30%         5
 Call Canine Familiar     Summ           3%         N/A       43%         3
 Frozen Ramparts          Ice            6%         1d1       43%         3
 Portal Projectile        Hex/Tloc       6%         N/A       43%         3
 Hailstorm                Conj/Ice       11%        3d5       50%         4
 Iskenderun's Battlesphe  Conj           20%        2d7       50%         5
 Leda's Liquefaction      Hex/Erth       1%         N/A       85%         4
 Iron Shot                Conj/Erth      5%         9d2       100%        6
 Spellforged Servitor     Conj/Summ      5%         N/A       100%        7


Dungeon Overview and Level Annotations

Branches:
Dungeon (5/15)
 Temple: D:4-7

Altars:
Cheibriados
Fedhas
Vehumet
The Shining One

Shops:
D:3 =   D:4 ?

Annotations:
D:5 Prince Ribbit


Innate Abilities, Weirdness & Mutations

You have a beak for a mouth.
You have claws for feet.
Your magical nature lets you fly swiftly and evasively.


Message History

Aiming: Shock (safe; 1% risk of failure)
Press: ? - help, Shift-Dir - straight line The zap misses Prince Ribbit.
The zap hits Prince Ribbit.
Prince Ribbit is lightly wounded.
Casting: Shock (safe; 1% risk of failure)
Confirm with . or Enter, or press ? or * to list all spells.
Aiming: Shock (safe; 1% risk of failure)
Press: ? - help, Shift-Dir - straight line The zap misses Prince Ribbit.
Prince Ribbit hits you.
Casting: Shock (safe; 1% risk of failure)
Confirm with . or Enter, or press ? or * to list all spells.
Prince Ribbit is struck by an arc of lightning!
Prince Ribbit is moderately wounded.
You are struck by an arc of lightning.
Prince Ribbit is struck by an arc of lightning.
Prince Ribbit is moderately wounded.
The lightning grounds out.
Prince Ribbit completely misses you.
Casting: Static Discharge (safe; 1% risk of failure)
Confirm with . or Enter, or press ? or * to list all spells.
Prince Ribbit is struck by an arc of lightning.
Prince Ribbit is heavily wounded.
You are struck by an arc of lightning.
Prince Ribbit is struck by an arc of lightning!
Prince Ribbit is severely wounded.
You are struck by an arc of lightning.
The lightning grounds out.
The ogre shouts!
Prince Ribbit misses you. Prince Ribbit hits you!
Casting: Static Discharge (safe; 1% risk of failure)
Confirm with . or Enter, or press ? or * to list all spells.
Prince Ribbit is struck by an arc of lightning!
Prince Ribbit is almost dead.
You are struck by an arc of lightning.
The lightning grounds out.
Prince Ribbit barely misses you.
Casting: Static Discharge (safe; 1% risk of failure)
Confirm with . or Enter, or press ? or * to list all spells.
Prince Ribbit is struck by an arc of lightning.
Prince Ribbit is almost dead.
You are struck by an arc of lightning.
The lightning grounds out.
Prince Ribbit hits you!
You die...

#..............
###.(......####
#..O.F...#
#........#
#'##....<#
#O.#.....#
#..#.......
#F.#.......
#@.#........
#^[######....
#'## ..... #..#
.....# #..#
#..# #..##.
.....+ #+++#
####.. .....#
#...##
#.#+##.....#


You could see Prince Ribbit and an ogre.

Vanquished Creatures
  2 ogres (D:4)
  3 scorpions
  3 howler monkeys
  A hound (D:4)
  A jelly (D:5)
  4 iguanas (D:5)
  An orc wizard (D:4)
  5 adders
  A white imp (D:3)
  2 worms
  A dart slug (D:3)
  5 orcs
  6 ball pythons
  5 endoplasms
  4 giant cockroaches
  8 goblins
  4 hobgoblins
  3 jackals (D:4)
  2 quokkas
  7 bats
  3 kobolds
  5 rats (D:3)
76 creatures vanquished.

Vanquished Creatures (others)
  3 demonic plants (D:2)
3 creatures vanquished.

Grand Total: 79 creatures vanquished

Notes
Turn   | Place    | Note
-------+----------+-------------------------------------------
     0 | D:1      | Godmorgon the Tengu Air Elementalist began the quest for
                  | the Orb.
     0 | D:1      | Reached XP level 1. HP: 10/10 MP: 4/4
   461 | D:1      | Reached XP level 2. HP: 15/15 MP: 0/6
   983 | D:1      | Learned a level 2 spell: Static Discharge
  1476 | D:2      | Found a faded altar of an unknown god.
  2150 | D:3      | Reached XP level 3. HP: 18/19 MP: 7/7
  2446 | D:3      | Found Kumnim's Jewellery Shoppe.
  2470 | D:3      | Reached skill level 1 in Short Blades
  2837 | D:3      | Reached skill level 5 in Air Magic
  2892 | D:3      | Reached XP level 4. HP: 24/24 MP: 4/8
  3377 | D:4      | Learned a level 4 spell: Airstrike
  3389 | D:4      | Found Wocriol's Magic Scroll Boutique.
  3550 | D:4      | Noticed a scorpion
  3575 | D:4      | Noticed an ogre
  3582 | D:4      | Killed an ogre
  3583 | D:4      | Gained mutation: Your magical nature lets you fly swiftly
                  | and evasively. [Tengu growth]
  3583 | D:4      | Reached XP level 5. HP: 10/28 MP: 3/10
  3853 | D:4      | Found a radiant altar of Vehumet.
  3861 | D:4      | Became a worshipper of Vehumet
  3881 | D:4      | Found a blossoming altar of Fedhas.
  3911 | D:4      | Reached skill level 6 in Air Magic
  3934 | D:4      | Reached XP level 6. HP: 24/32 MP: 5/11
  4341 | D:4      | Found a glowing golden altar of the Shining One.
  4766 | D:4      | Reached XP level 7. HP: 18/36 MP: 6/12
  5065 | D:4      | Reached skill level 7 in Air Magic
  5245 | D:4      | Found a snail-covered altar of Cheibriados.
  5360 | D:5      | Entered Level 5 of the Dungeon
  5637 | D:5      | Noticed Prince Ribbit
  5728 | D:5      | Reached skill level 8 in Air Magic
  5748 | D:5      | Slain by Prince Ribbit

Illustrated notes

Levels and vault maps discovered:
D:1:      erik_arrival_triangle_huge, layout_basic, minmay_stone_trees_small
D:2:      layout_loops_ring, shapermc_ecumenical_altar_gd
D:3:      kennysheep_six_static_rooms, layout_basic, serial_shops,
          nicolae_shop_trees, kennysheep_generic_room_7
D:4:      layout_cave_pods, mainiacjoe_overflow_cross_hatched,
          cheibriados_altar_1, nicolae_overflow_crystal_walls, tso_metal_star,
          serial_shops, shop
D:5:      layout_gridville, kennysheep_vampire_church, grunt_qazlal_clouds,
          uniq_pikel, uniq_prince_ribbit1

Skill      XL: |  1  2  3  4  5  6  7 |
---------------+----------------------+-----
Conjurations   | 2 3 4 |  4.9
Short Blades   | 1 2 3 4 |  4.0
Air Magic      | 5 6 8 |  8.0
Spellcasting   | 3 |  3.8
Dodging        | |  2.1
Stealth        | |  2.0

Action                   |  1- 3 |  4- 6 |  7- 9 || total
-------------------------+-------+-------+-------++-------
Melee: Short sword       |    39 |    12 |       ||    51
       Kick              |    18 |     6 |       ||    24
       Peck              |    10 |     3 |       ||    13
       Punch             |       |     1 |       ||     1
 Cast: Shock             |    15 |    30 |    20 ||    65
       Static Discharge  |    13 |    24 |    17 ||    54
 Stab: Sleeping          |     1 |       |       ||     1
Armor: Robe              |     6 |     3 |       ||     9
Dodge: Dodged            |    28 |     8 |     7 ||    43
